cohdb
Replays
Latest Replays
All Replays
Popular Replays
Top Player Replays
Match Explorer
How It Works
Community
CoH3 Stats
Reddit
Sign in to upload your games and track your stats! →
Sign in with Steam
Match 44700896
Unlisted
Match 44700896
Overview
Messages
Build Orders
End
Kettenkrad Recon Vehicle
Construct Infanterie Kompanie
Selects Terror Battlegroup
MG 42 Machine Gun Team
Selects Machine Gun Camouflage
Grenadier Squad
Grenadier Squad
Construct Panzergrenadier Kompanie
Selects Contempt for the Weak
Support Elements
Nebelwerfer 42 Rocket Launcher Team
MG 42 Bunker
Nebelwerfer 42 Rocket Launcher Team
Pak 40 Anti-tank Gun Team
Construct Panzer Kompanie
MG 42 Bunker
Panzer IV Medium Tank
Selects No Quarter
MG 42 Bunker
MG 42 Bunker
Panzer IV Medium Tank
Side Skirts
Pioneer Squad
Construct Luftwaffe Kompanie
MG 42 Bunker
Wirbelwind Flakpanzer
Medical Station
MG 42 Bunker
Selects King Tiger Heavy Tank
King Tiger Heavy Tank
Panzer Officer Quarters
MG 42 Bunker
Wirbelwind Flakpanzer
MG 42 Bunker
Panzer IV Medium Tank
Selects Propaganda Leaflet Drop
Selects V1 Rocket Strike
Panzer IV Medium Tank
V1 Rocket Strike
Nefertiti
Kurai
Spărgătorul de Buci
Capitalism
gimme_hamboiger
Serial Chiller
IRAQI ARMY
Skabadapipidom
0
0
Comments
sign in to comment!
No comments posted yet!